 Dungeon Crawl Stone Soup version 0.19.1 (webtiles) character file.

124501 Isidrus the Severer (level 16, 0/155 HPs)
             Began as a Minotaur Berserker on Dec 1, 2016.
             Was the Champion of Trog.
             Succumbed to a black mamba's poison
             ... on level 1 of the Snake Pit on Dec 2, 2016.
             The game lasted 01:25:13 (22382 turns).

Isidrus the Severer (Minotaur Berserker)           Turns: 22382, Time: 01:25:14

Health: 0/155      AC: 21    Str: 33    XL:     16   Next: 39%
Magic:  16/16      EV: 15    Int:  4    God:    Trog [******]
Gold:   2188       SH: 21    Dex: 18    Spells: 0 memorised, 15 levels left

rFire  + . .     SeeInvis .     Z - +8 war axe of Recklessness {holy, rPois rF+ Str+4 Stlth+}
rCold  . . .     Gourm    .     m - +2 scale mail {rPois}
rNeg   . . .     Faith    +     X - +0 large shield
rPois  +         Spirit   .     (helmet restricted)
rElec  .         Reflect  .     a - +2 cloak {rPois}
rCorr  .         Harm     .     D - +1 pair of gloves
MR     +....                    R - +2 pair of boots
Stlth  +++.......               l - amulet of faith
                                h - +2 ring of strength
                                j - +6 ring of dexterity

@: lethally poisoned (0 -> -9)
A: retaliatory headbutt, horns 2, high mp 1
a: Berserk, Trog's Hand, Brothers in Arms, Burn Spellbooks, Renounce Religion


You were on level 1 of the Snake Pit.
You worshipped Trog.
Trog was exalted by your worship.
You were not hungry.

You visited 4 branches of the dungeon, and saw 24 of its levels.
You also visited: Ossuary.

You collected 2797 gold pieces.
You spent 609 gold pieces at shops.

Inventory:

Hand Weapons
 F - the +10 battleaxe of Symmetry {chaos, rElec Str+3 Stlth-}
   (Trog gifted it to you on level 6 of the Dungeon)

   Each time it hits an enemy it has a different, random effect.
   It affects your strength (+3).
   It insulates you from electricity.
   It makes you less stealthy.
 G - the +8 frozen axe "Frostbite" {freezing cloud, *Noise +Fly rC+}
   (Trog gifted it to you on level 2 of the Orcish Mines)

   It has been specially enchanted to freeze those struck by it, causing extra
   injury to most foes and up to half again as much damage against particularly
   susceptible opponents.
   It can also slow down cold-blooded creatures.
   It protects you from cold.
   It lets you fly.
   It may make noises in combat.
 P - the +8 broad axe "Aliyre" {protect, Str+4 Stlth+}
   (You found it on level 11 of the Dungeon)

   It protects the one who uses it against injury (+AC on strike).
   It affects your strength (+4).
   It makes you more stealthy.
 Z - the +8 war axe of Recklessness (weapon) {holy, rPois rF+ Str+4 Stlth+}
   (You found it on level 12 of the Dungeon)

   It has been blessed by the Shining One to cause great damage to the undead
   and demons.
   It affects your strength (+4).
   It protects you from fire.
   It protects you from poison.
   It makes you more stealthy.
Armour
 a - a +2 cloak of poison resistance (worn)
 m - a +2 scale mail of poison resistance (worn)
 w - a +1 chain mail of positive energy
 D - a +1 pair of gloves (worn)
 L - a +2 ring mail of fire resistance
 R - a +2 pair of boots (worn)
 X - a +0 large shield (worn)
Jewellery
 b - an uncursed ring of poison resistance
 h - a +2 ring of strength (right hand)
 j - a +6 ring of dexterity (left hand)
 l - an amulet of faith (around neck)
 E - an uncursed ring of resist corrosion
 H - the amulet "Dogokunu" {+Rage Str+4 Int-5 Slay+2}
   (You found it on level 6 of the Dungeon)

   [amulet of rage]

   It affects your strength (+4).
   It affects your intelligence (-5).
   It affects your accuracy and damage with ranged weapons and melee attacks
   (+2).
   It lets you go berserk.
 M - an uncursed amulet of regeneration {unknown}
 U - an uncursed ring of protection from magic
Scrolls
 d - 6 scrolls of magic mapping
 e - 2 scrolls of silence
 f - 2 scrolls of noise {unknown}
 i - 7 scrolls of remove curse
 k - 2 scrolls of enchant weapon
 o - 5 scrolls of fog
 p - a scroll of fear
 v - 6 scrolls of recharging
 x - 7 scrolls of teleportation
 y - 5 scrolls of immolation
 K - 7 scrolls of blinking
 O - 4 scrolls of vulnerability
 S - 2 scrolls of holy word {unknown}
 T - 3 scrolls of torment
Potions
 q - 6 potions of curing
 r - a potion of ambrosia
 s - 6 potions of agility
 t - 3 potions of lignification {unknown}
 u - 3 potions of might
 z - 2 potions of brilliance
 A - a potion of haste {unknown}
 B - a potion of magic {unknown}
 C - 5 potions of heal wounds
 Q - a potion of flight {unknown}
 W - 4 potions of resistance
 Y - 2 potions of invisibility {unknown}
Comestibles
 c - 15 bread rations
 g - 12 meat rations
 n - a slice of pizza
 I - 20 royal jellies
 J - 8 fruits
 V - 10 beef jerkies


   Skills:
 + Level 17.1 Fighting
 + Level 20.1 Axes
 + Level 13.9 Armour
 + Level 10.0 Dodging
 + Level 6.1 Stealth
 + Level 11.9 Shields


You had 15 spell levels left.
You didn't know any spells.

Dungeon Overview and Level Annotations

Branches:
Dungeon (15/15)            Temple (0/1) D:4            Lair (6/6) D:9
 Shoals (0/4) Lair:4        Snake (1/4) Lair:3        Slime (0/5) Lair:6
    Orc (2/2) D:12            Elf (0/3) Orc:2        Vaults (0/5) D:14
 Depths (0/5) D:15

Altars:
Ashenzari
Dithmenos
Makhleb
Okawaru
Ru
Trog
Uskayaw
Yredelemnul
Zin
Beogh

Shops:
D:7 *   D:9 ?   D:10 [   Orc:1 ?   Orc:2 ?!([


Innate Abilities, Weirdness & Mutations

You reflexively headbutt those who attack you in melee.
You have a pair of horns on your head.
You have an increased reservoir of magic. (+10% MP)


Message History

The bolt of electricity hits you!
* * * LOW HITPOINT WARNING * * *
You barely miss the shock serpent. Your headbutt misses the shock serpent.
The shock serpent is almost dead.
Your shield and scale mail prevent you from hitting the black mamba.
* * * LOW HITPOINT WARNING * * *
You feel sick. You block the black mamba's attack.
The shock serpent bites you but does no damage.
The black mamba bites you but does no damage.
You completely miss the shock serpent. You headbutt the shock serpent.
You kill the shock serpent!
Trog accepts your kill.
Your Dodging skill increases to level 10!
You hit the black mamba.
* * * LOW HITPOINT WARNING * * *
You feel sick. You block the black mamba's attack.
You slash the black mamba! You headbutt the black mamba.
You kill the black mamba!
Trog accepts your kill.
You die...

.....###.....####.###..........#.
......##....#..#.###..........###
......###..####...............# #
.......#..####................#
........### #.......##.........#
........# #.......##.....####.
........# ##.......#.#####
......### ##........# ......#
##@....#..# ....... #..)...#....
....###. ........# .## .... .
..........# # ...# ......#...(..#
....#.......# #####.#####.. ♣∩
#.# >. .. .# #..


There were no monsters in sight!

Vanquished Creatures
  Rupert (Orc:2)
  4 orc warlords
  2 stone giants
  A dire elephant (Lair:6)
  An ettin (Orc:2)
  Josephine (D:10)
  A fire dragon (D:15)
  Erolcha (D:12)
  4 vault guards (D:14)
  A merfolk avatar (Lair:6)
  8 hydras
  2 centaur warriors
  Erica (Orc:1)
  5 anacondas (Snake:1)
  2 shock serpents (Snake:1)
  3 death yaks
  4 tengu warriors
  An orc high priest (Orc:1)
  2 naga sharpshooters (Snake:1)
  Sonja (D:10)
  A sea snake (shapeshifter) (D:15)
  7 skeletal warriors
  3 sea snakes (Lair:6)
  8 unseen horrors
  A glowing orange brain (D:15)
  2 naga ritualists (Snake:1)
  4 hill giants
  An orc knight (Orc:2)
  2 harpies (Lair:6)
  8 ugly things
  2 oklob plants (Lair:6)
  A wolf spider zombie (D:13)
  2 mana vipers (Snake:1)
  A salamander (Snake:1)
  3 deep elf magi
  An orc sorcerer (Orc:1)
  3 cyclopes
  3 manticores
  A naga mage (Snake:1)
  6 elephants
  10 black mambas
  2 torpor snails
  11 spiny frogs
  A gargoyle (D:12)
  The ghost of azzavlup the Poker, a novice MfIE of Yredelemnul (D:6)
  6 rime drakes
  4 centaur skeletons
  5 yaktaurs (D:15)
  11 komodo dragons
  3 meliai (Lair:5)
  4 trolls
  4 polar bears (Lair:6)
  2 queen bees
  A two-headed ogre (D:11)
  Grinder (D:6)
  5 hornets
  A wind drake (Lair:6)
  A two-headed ogre (shapeshifter) (D:15)
  5 slime creatures (D:15)
  17 dream sheep
  10 blink frogs
  24 hippogriffs
  A snapping turtle (Lair:4)
  A spriggan (shapeshifter) (D:15)
  A centaur simulacrum (D:15)
  61 yaks
  A yak (shapeshifter) (D:14)
  5 wraiths
  9 wyverns
  10 basilisks
  A golden eye (shapeshifter) (D:15)
  6 hungry ghosts
  8 nagas
  A mottled dragon (D:11)
  5 wargs
  4 vampire mosquitoes (D:13)
  16 water moccasins
  A hell hound (D:15)
  6 porcupines
  37 orc warriors
  6 ice beasts
  11 ogres
  A phantom (D:10)
  A black bear (shapeshifter) (D:15)
  A black bear (D:12)
  2 sky beasts
  15 wolves
  5 centaurs
  17 crocodiles
  A big kobold (D:11)
  13 bullfrogs
  An elf zombie (Ossuary)
  A wyvern skeleton (D:10)
  A water moccasin skeleton (D:10)
  A scorpion (D:13)
  53 killer bees
  4 wights (D:11)
  4 howler monkeys
  10 crimson imps
  15 jellies
  2 quasits
  7 centaur zombies
  A bullfrog zombie (D:8)
  5 hounds
  A human zombie (Ossuary)
  2 bullfrog skeletons (D:12)
  25 orc priests
  Crazy Yiuf (D:7)
  38 orc wizards
  5 iguanas
  9 worker ants
  A hell rat (Lair:3)
  A big kobold zombie (Ossuary)
  A hound zombie (D:11)
  2 hound skeletons
  2 mummies (Ossuary)
  9 adders
  4 shadow imps
  An ooze (D:5)
  5 adder zombies
  2 adder skeletons
  2 worms
  2 dart slugs
  10 leopard geckos
  112 orcs
  9 bats
  6 giant cockroaches
  11 goblins
  10 hobgoblins
  11 jackals
  6 kobolds
  9 quokkas
  12 frilled lizards
  A goblin zombie (Ossuary)
  6 hobgoblin zombies (Ossuary)
  A jackal zombie (Ossuary)
  14 kobold zombies (Ossuary)
  7 orc zombies (Ossuary)
  2 quokka skeletons
  4 rats
  2 rat zombies (Ossuary)
  5 fungi
  3 plants
941 creatures vanquished.

Vanquished Creatures (others)
  An orc (Orc:1)
  3 fungi
  9 plants (Lair:6)
13 creatures vanquished.

Grand Total: 954 creatures vanquished

Notes
Turn   | Place    | Note
-------+----------+-------------------------------------------
     0 | D:1      | Isidrus the Minotaur Berserker began the quest for the Orb.
     0 | D:1      | Reached XP level 1. HP: 19/19 MP: 0/0
   202 | D:1      | Reached XP level 2. HP: 23/27 MP: 1/1
   494 | D:1      | Reached skill level 4 in Axes
   524 | D:2      | Reached ** piety under Trog
   690 | D:2      | Reached XP level 3. HP: 29/33 MP: 2/2
  1457 | D:3      | Reached XP level 4. HP: 41/41 MP: 3/3
  1596 | D:3      | Reached skill level 5 in Axes
  1666 | D:3      | Noticed an ogre
  1673 | D:3      | Killed an ogre
  1673 | D:3      | Reached XP level 5. HP: 47/47 MP: 4/4
  1682 | D:3      | Reached *** piety under Trog
  1992 | D:4      | Reached skill level 6 in Axes
  2103 | D:4      | Reached XP level 6. HP: 55/55 MP: 5/5
  2146 | D:4      | Noticed a hand axe
  2147 | D:4      | Found a hide-covered altar of Uskayaw.
  2148 | D:4      | Noticed a hand axe
  2190 | D:4      | Reached skill level 5 in Fighting
  2272 | D:4      | Reached **** piety under Trog
  2305 | D:4      | Reached skill level 7 in Axes
  2305 | D:4      | HP: 2/56 [worker ant (2)]
  2505 | D:4      | Reached XP level 7. HP: 61/61 MP: 6/6
  2511 | D:4      | Reached skill level 5 in Armour
  2621 | D:4      | Found a staircase to the Ecumenical Temple.
  2777 | D:5      | Entered Level 5 of the Dungeon
  2796 | D:5      | Reached skill level 8 in Axes
  2913 | D:5      | HP: 2/61 [orc priest/divine providence (17)]
  3266 | D:5      | Reached XP level 8. HP: 52/69 MP: 7/7
  3441 | D:5      | Found a shattered altar of Ashenzari.
  3443 | D:5      | Found a burning altar of Makhleb.
  3443 | D:5      | Found a basalt altar of Yredelemnul.
  3479 | D:5      | Reached skill level 9 in Axes
  3504 | D:5      | Reached skill level 1 in Stealth
  3794 | D:6      | Reached ***** piety under Trog
  3809 | D:6      | Reached skill level 10 in Axes
  3895 | D:6      | Found a shadowy altar of Dithmenos.
  3937 | D:6      | Noticed azzavlup's ghost (novice MfIE)
  3943 | D:6      | Killed azzavlup's ghost
  3943 | D:6      | Reached XP level 9. HP: 78/78 MP: 8/8
  3997 | D:6      | Found a sacrificial altar of Ru.
  4312 | D:6      | Noticed Grinder
  4318 | D:6      | Killed Grinder
  4318 | D:6      | Received a gift from Trog
  4318 | D:6      | Reached skill level 11 in Axes
  4322 | D:6      | Got a transparent battleaxe {god gift}
  4323 | D:6      | Identified the +10 battleaxe of Symmetry {chaos, rElec Str+3 Stlth-} (Trog gifted it to you on level 6 of the Dungeon)
  4427 | D:6      | Got an ancient ivory amulet
  4666 | D:6      | Lost intelligence.
  4666 | D:6      | Identified the amulet "Dogokunu" {+Rage Str+4 Int-5 Slay+2} (You found it on level 6 of the Dungeon)
  5093 | D:7      | Reached skill level 12 in Axes
  5160 | D:7      | Found a runed door.
  5164 | D:7      | Noticed Crazy Yiuf
  5168 | D:7      | Killed Crazy Yiuf
  5202 | D:7      | Found Zin's Purification Station.
  5205 | D:7      | Found a glowing silver altar of Zin.
  5470 | D:8      | Found a sand-covered staircase.
  5477 | Ossuary  | Entered an ossuary
  5591 | Ossuary  | Reached XP level 10. HP: 88/88 MP: 9/9
  6240 | D:9      | Found a staircase to the Lair.
  6276 | D:9      | Found a bloodstained altar of Trog.
  6352 | D:9      | Reached skill level 13 in Axes
  6385 | D:9      | Found Natuoc's Magic Scroll Shop.
  6871 | D:10     | Entered Level 10 of the Dungeon
  6891 | D:10     | Found Zuras's Antique Armour Shoppe.
  6894 | D:10     | Bought a pair of glowing boots for 336 gold pieces
  6948 | D:10     | Killed an unseen horror
  6967 | D:10     | Noticed Sonja
  6973 | D:10     | Killed Sonja
  7015 | D:10     | Reached skill level 14 in Axes
  7018 | D:10     | Reached skill level 10 in Armour
  7182 | D:10     | Killed an unseen horror
  7182 | D:10     | Reached skill level 5 in Dodging
  7182 | D:10     | Reached XP level 11. HP: 77/97 MP: 10/10
  7286 | D:10     | Noticed Josephine
  7291 | D:10     | Killed Josephine
  7519 | D:11     | Noticed a hill giant
  7525 | D:11     | Killed a hill giant
  7743 | D:11     | Noticed a hill giant
  7747 | D:11     | Killed a hill giant
  7747 | D:11     | Reached skill level 15 in Axes
  7826 | D:11     | Reached skill level 10 in Fighting
  7866 | D:11     | Received a gift from Trog
  7931 | D:11     | Got a faintly glowing broad axe
  8451 | D:12     | Noticed a seven-headed hydra
  8456 | D:12     | Killed an 11-headed hydra
  8490 | D:12     | Noticed a deep elf mage
  8495 | D:12     | Killed a deep elf mage
  8586 | D:12     | Noticed Erolcha
  8593 | D:12     | Killed Erolcha
  8614 | D:12     | Noticed a green ugly thing
  8620 | D:12     | Killed a green ugly thing
  8632 | D:12     | Reached skill level 16 in Axes
  8636 | D:12     | Noticed a seven-headed hydra
  8641 | D:12     | Killed a ten-headed hydra
  8641 | D:12     | Reached XP level 12. HP: 87/110 MP: 11/11
  8717 | D:12     | Got a polished war axe
  9100 | D:12     | Identified the +8 broad axe "Aliyre" {protect, Str+4 Stlth+} (You found it on level 11 of the Dungeon)
  9101 | D:12     | Identified the +8 war axe of Recklessness {holy, rPois rF+ Str+4 Stlth+} (You found it on level 12 of the Dungeon)
  9214 | D:12     | Found a staircase to the Orcish Mines.
  9795 | D:13     | Reached skill level 17 in Axes
 10127 | D:14     | Noticed a centaur warrior
 10137 | D:14     | Killed a centaur warrior
 10240 | D:14     | Noticed a tengu warrior
 10247 | D:14     | Killed a tengu warrior
 10263 | D:14     | Found a gate to the Vaults.
 10263 | D:14     | Noticed a vault guard
 10263 | D:14     | Noticed a vault guard
 10263 | D:14     | Noticed a vault guard
 10263 | D:14     | Noticed a vault guard
 10285 | D:14     | Killed a vault guard
 10285 | D:14     | Reached XP level 13. HP: 119/119 MP: 12/12
 10321 | D:14     | Reached skill level 1 in Shields
 10327 | D:14     | Reached ****** piety under Trog
 10705 | D:14     | Received a gift from Trog
 11237 | Lair:1   | Entered Level 1 of the Lair of Beasts
 11583 | Lair:1   | Reached skill level 18 in Axes
 12267 | Lair:2   | Identified a scroll of acquirement
 12691 | Lair:3   | Received a gift from Trog
 12983 | Lair:3   | Reached XP level 14. HP: 129/133 MP: 13/13
 13377 | Lair:3   | Received a gift from Trog
 13407 | Lair:3   | Found a staircase to the Snake Pit.
 13504 | Lair:3   | Reached skill level 5 in Stealth
 13865 | Lair:4   | Found an iron altar of Okawaru.
 14253 | Lair:4   | Found a staircase to the Shoals.
 14870 | Lair:5   | Reached skill level 15 in Fighting
 15396 | Lair:5   | Received a gift from Trog
 15406 | Lair:5   | Reached skill level 5 in Shields
 15723 | Lair:6   | Entered Level 6 of the Lair of Beasts
 15746 | Lair:6   | Found a staircase to the Slime Pits.
 16636 | Lair:6   | Received a gift from Trog
 16707 | Lair:6   | Reached skill level 19 in Axes
 16735 | Lair:6   | Reached XP level 15. HP: 126/143 MP: 14/14
 17349 | Lair:6   | Gained mutation: You have an increased reservoir of magic. (+10% MP) [potion of beneficial mutation]
 17631 | Orc:1    | Entered Level 1 of the Orcish Mines
 17631 | Orc:1    | Noticed an orc warlord
 17650 | Orc:1    | Killed an orc warlord
 17752 | Orc:2    | Entered Level 2 of the Orcish Mines
 17752 | Orc:2    | Noticed Rupert
 17753 | Orc:2    | Paralysed by Rupert for 5 turns
 17767 | Orc:2    | Killed Rupert
 17767 | Orc:2    | Received a gift from Trog
 18130 | Orc:2    | Found a roughly hewn altar of Beogh.
 18223 | Orc:2    | Found a roughly hewn altar of Beogh.
 18283 | Orc:2    | Found a roughly hewn altar of Beogh.
 18359 | Orc:2    | Found a roughly hewn altar of Beogh.
 18370 | Orc:2    | Found Geimeyn's Magic Scroll Emporium.
 18432 | Orc:2    | Found a staircase to the Elven Halls.
 18534 | Orc:2    | Found a roughly hewn altar of Beogh.
 18534 | Orc:2    | Found Cyrerphua's Distillery.
 18627 | Orc:2    | Noticed an orc warlord
 18643 | Orc:2    | Killed an orc warlord
 18659 | Orc:2    | Found Jyalec's Antique Armour Emporium.
 18662 | Orc:2    | Found a roughly hewn altar of Beogh.
 18787 | Orc:2    | Found Quuham's Antique Weapon Shoppe.
 19037 | Orc:2    | Bought a glowing chain mail for 273 gold pieces
 19086 | Orc:1    | Noticed an orc warlord
 19096 | Orc:1    | Killed an orc warlord
 19096 | Orc:1    | Received a gift from Trog
 19390 | Orc:1    | Found Gitocaw's Magic Scroll Emporium.
 19541 | Orc:1    | Noticed Erica
 19547 | Orc:1    | Killed Erica
 19548 | Orc:1    | Noticed an orc warlord
 19557 | Orc:1    | Paralysed by an orc sorcerer for 4 turns
 19570 | Orc:1    | Reached skill level 10 in Shields
 19573 | Orc:1    | Killed an orc warlord
 20160 | D:15     | Entered Level 15 of the Dungeon
 20619 | D:15     | Found a staircase to the Depths.
 20767 | D:15     | Reached XP level 16. HP: 152/152 MP: 16/16
 21215 | D:15     | Received a gift from Trog
 21733 | Snake:1  | Entered Level 1 of the Snake Pit
 21737 | Snake:1  | Reached skill level 20 in Axes
 22379 | Snake:1  | HP: 2/155 [shock serpent/bolt of electricity (18)]
 22381 | Snake:1  | Reached skill level 10 in Dodging
 22382 | Snake:1  | Succumbed to a black mamba's poison

Skill      XL: |  1  2  3  4  5  6  7  8  9 10 11 12 13 14 15 16 |
---------------+-------------------------------------------------+-----
Fighting       | 4 5 6 8 9 11 12 14 15 16 17 | 17.1
Axes           | 4 5 6 7 8 10 12 14 16 17 18 19 20 | 20.1
Armour         | 3 4 6 7 9 10 11 12 13 | 13.9
Dodging        | 3 4 5 6 7 8 9 10 | 10.0
Stealth        | 1 2 3 4 5 6 |  6.1
Shields        | 2 7 10 11 | 11.9

Action                   |  1- 3 |  4- 6 |  7- 9 | 10-12 | 13-15 | 16-18 || total
-------------------------+-------+-------+-------+-------+-------+-------++-------
Melee: Hand axe          |    80 |    87 |   212 |       |       |       ||   379
       Headbutt          |    12 |    23 |    71 |    94 |   308 |    39 ||   547
       Battleaxe         |       |       |    74 |   222 |       |       ||   296
       War axe           |       |       |       |    70 |  1064 |   139 ||  1273
Invok: Berserk           |       |     3 |     4 |     5 |    14 |       ||    26
       Burn Spellbooks   |       |       |       |     1 |     3 |     1 ||     5
  Use: Scroll            |       |     7 |     2 |     9 |    10 |       ||    28
       Potion            |       |     1 |       |       |     2 |       ||     3
 Stab: Paralysed         |       |       |       |     2 |       |       ||     2
       Sleeping          |       |       |       |     1 |    16 |     1 ||    18
       Distracted        |       |       |       |       |     3 |     1 ||     4
  Eat: Chunk             |     2 |     5 |    15 |    24 |    39 |     3 ||    88
       Pizza             |       |       |       |     2 |     1 |       ||     3
       Beef jerky        |       |       |       |     1 |     2 |     1 ||     4
       Royal jelly       |       |       |       |       |     2 |       ||     2
       Fruit             |       |       |       |       |     1 |       ||     1
Armor: Animal skin       |     3 |       |       |       |       |       ||     3
       Leather armour    |     6 |       |       |       |       |       ||     6
       Chain mail        |    14 |    37 |    65 |       |       |       ||   116
       Scale mail        |       |       |    38 |   134 |   250 |    29 ||   451
Dodge: Dodged            |    46 |    52 |   120 |   167 |   323 |    47 ||   755
Block: Buckler           |       |       |       |     8 |    48 |       ||    56
       Large shield      |       |       |       |       |   546 |   118 ||   664
